 Dungeon Crawl Stone Soup version 0.28.0-62-gf88900778d (webtiles) character file.

Game seed: 16374927931294944628

105 bmack86 the Shield-Bearer (level 4, -3/39 HPs)
             Began as a Minotaur Fighter on Apr 1, 2024.
             Slain by Crazy Yiuf
             ... wielding a +4 quarterstaff of chaos
              (19 damage)
             ... on level 2 of the Dungeon.
             The game lasted 00:03:29 (2470 turns).

bmack86 the Shield-Bearer (Minotaur Fighter)        Turns: 2470, Time: 00:03:30

Health: -3/39      AC:  9    Str: 23    XL:     4   Next: 54%
Magic:  3/3        EV:  7    Int:  5    God:
Gold:   71         SH:  4    Dex:  9    Spells: 3/3 levels left

rFire   . . .      SeeInvis .   a - +0 war axe
rCold   . . .      Faith    .   c - +0 buckler
rNeg    . . .      Spirit   .   o - +0 chain mail
rPois   .          Reflect  .   (helmet restricted)
rElec   .          Harm     +   l - scarf {harm}
rCorr   .          Rampage  .   (no gloves)
Will    .....                   (no boots)
Stlth   ..........              (no amulet)
HPRegen 0.13/turn               (no ring)
MPRegen 0.08/turn               (no ring)

@: no status effects
A: horns 2, retaliatory headbutt
a: no special abilities


You were on level 2 of the Dungeon.
You visited 1 branch of the dungeon, and saw 2 of its levels.

You collected 71 gold pieces.

Inventory:

Hand Weapons
 a - a +0 war axe (weapon)
 g - a +0 war axe
 n - a +0 hand axe of venom
Missiles
 m - 5 curare-tipped darts (quivered)
Armour
 b - a +0 scale mail
 c - a +0 buckler (worn)
 l - a scarf of harm (worn)
 o - a +0 chain mail (worn)
Scrolls
 e - a scroll of noise {unknown}
 i - a scroll of holy word {unknown}
 k - a scroll of teleportation {unknown}
Potions
 d - 2 potions of might
 f - 2 potions of heal wounds {unknown}
 h - 3 potions of curing {unknown}
 j - a potion of magic {unknown}
 p - a potion of flight {unknown}


   Skills:
 - Level 3.6 Fighting
 + Level 4.8 Axes
 - Level 3.6 Armour
 - Level 5.0 Shields


You had 3 spell levels left.
You didn't know any spells.
Your spell library contained the following spells:

 Spells                   Type           Power      Damage    Failure   Level
 Frozen Ramparts          Ice            0%         1d2       100%        3
 Ice Form                 Ice/Tmut       0%         N/A       100%        4
 Summon Ice Beast         Ice/Summ       0%         N/A       100%        4


Dungeon Overview and Level Annotations

Branches:
Dungeon (2/15)

Altars:

Annotations:
D:2 Crazy Yiuf


Innate Abilities, Weirdness & Mutations

You have a pair of horns on your head.
You reflexively headbutt those who attack you in melee.


Message History

Jessica blinks!
Jessica hits you but does no damage.
You hit Jessica.
Jessica is moderately wounded.
Jessica casts a spell at you. Pain shoots through your body!
You hit Jessica. Your headbutt misses Jessica.
Jessica is almost dead.
Jessica hits you with a +0 club. x2
You slash Jessica!
You kill Jessica!
p - a pink potion
There is an open door, spattered with blood here.
Things that are here:
a +0 club; a +0 robe; a +0 dagger
There is an open door, spattered with blood here.
Things that are here:
a +0 club; a +0 robe; a +0 dagger A hobgoblin comes into view.
The hobgoblin hits you.
The hobgoblin hits you but does no damage.
The hobgoblin barely misses you. The hobgoblin closely misses you.
You furiously retaliate!
You headbutt the hobgoblin!
You kill the hobgoblin!
Found a mace.
Found a runed translucent door.
Crazy Yiuf shouts!
Crazy Yiuf yells, "Announcement arm mumblescurry!"
As you open the door, it creaks loudly! Crazy Yiuf barely misses you.
There is an open translucent door here.
You hit Crazy Yiuf but do no damage.
Crazy Yiuf hits you with a +4 quarterstaff of chaos!
Crazy Yiuf burns you.
Crazy Yiuf hits you with a +4 quarterstaff of chaos!
You hit Crazy Yiuf but do no damage. Crazy Yiuf barely misses you.
You closely miss Crazy Yiuf. Your headbutt misses Crazy Yiuf.
Crazy Yiuf waves his quarterstaff at you.
Crazy Yiuf hits you with a +4 quarterstaff of chaos!
You die...

....# #....# #...... ....# #....#
#### #...... .<..# #...## #..#
#...... ###.# ##.## #..# #......
##'######## #.## #..#########
##8.8##....# ##.# #..'........
#.....###..# #.## #..#########
8.....8##..# ##.# #...........
........##.# #@# #...........
........8#.# #.g.# #...........
.........'.# #...# #...........
........8#.# #..)# #...........
........##.# ##### ##..........
8.....8##.## #..........
#.....##...############..........
##8.8##........##................
.##+##..................#########


You could see Crazy Yiuf.

Vanquished Creatures
  Terence (D:2)
  Jessica (D:2)
  An adder (D:2)
  7 ball pythons
  2 endoplasms (D:1)
  2 giant cockroaches
  5 goblins
  5 hobgoblins
  A quokka (D:1)
  5 bats (D:1)
  3 frilled lizards (D:1)
  6 kobolds
  3 rats (D:1)
42 creatures vanquished.

Vanquished Creatures (others)
  5 plants (D:1)
5 creatures vanquished.

Grand Total: 47 creatures vanquished

Notes
Turn   | Place    | Note
-------+----------+-------------------------------------------
     0 | D:1      | bmack86 the Minotaur Fighter began the quest for the Orb.
     0 | D:1      | Reached XP level 1. HP: 19/19 MP: 0/0
   370 | D:1      | Reached skill level 4 in Shields
   374 | D:1      | Reached XP level 2. HP: 17/26 MP: 1/1
  1569 | D:2      | Reached XP level 3. HP: 6/31 MP: 2/2
  1572 | D:2      | HP: 1/31 [adder (3)]
  1743 | D:2      | Reached skill level 5 in Shields
  1992 | D:2      | Noticed Terence
  1996 | D:2      | Killed Terence
  1997 | D:2      | Reached XP level 4. HP: 25/39 MP: 3/3
  2281 | D:2      | Noticed Jessica
  2290 | D:2      | Killed Jessica
  2462 | D:2      | Found a runed translucent door.
  2463 | D:2      | Noticed Crazy Yiuf
  2470 | D:2      | Slain by Crazy Yiuf

Illustrated notes

Levels and vault maps discovered:
D:1:      psy_arrival_radial02, layout_basic, serial_forest,
          infiniplex_forest_lined_4_way, infiniplex_forest_straight_3,
          infiniplex_forest_straight_3, infiniplex_forest_clump_large,
          infiniplex_forest_clump_curved, infiniplex_forest_clump_C,
          infiniplex_forest_zigzag_1
D:2:      layout_basic, dk_noncrumbling_4, minmay_pentomino_o4, uniq_jessica,
          uniq_crazy_yiuf_cottage, uniq_terence

Skill      XL: |  1  2  3 |
---------------+----------+-----
Shields        | 4 5 |  5.0
Axes           | 3 4 |  4.8
Fighting       | |  3.6
Armour         | |  3.6

Action                   |  1- 3 |  4- 6 || total
-------------------------+-------+-------++-------
Melee: War axe           |    90 |    10 ||   100
       Headbutt          |    13 |       ||    13
Throw: Dart              |     2 |       ||     2
Armor: Scale mail        |    67 |       ||    67
       Chain mail        |       |     4 ||     4
Dodge: Dodged            |    45 |     5 ||    50
Block: Buckler           |    41 |       ||    41
